 Dungeon Crawl Stone Soup version 0.19.5 (webtiles) character file.

253 BugsBunnySan the Ducker (level 5, 24/24 HPs)
             Began as a Felid Berserker on Mar 25, 2017.
             Was a Believer of Trog.
             Quit the game on level 5 of the Dungeon.
             The game lasted 00:07:59 (4020 turns).

BugsBunnySan the Ducker (Felid Berserker)           Turns: 4020, Time: 00:07:59

Health: 24/24      AC:  2    Str: 13    XL:     5   Next: 90%
Magic:  6/6        EV: 22    Int:  9    God:    Trog [**....]
Gold:   191        SH:  0    Dex: 17    Spells: 0 memorised, 4 levels left
                                        Lives:  0   Deaths: 1

rFire  . . .     SeeInvis +       - Unarmed
rCold  . . .     Gourm    .     (armour unavailable)
rNeg   . . .     Faith    .     (shield unavailable)
rPois  .         Spirit   .     (helmet unavailable)
rElec  .         Reflect  .     (cloak unavailable)
rCorr  .         Harm     .     (gloves unavailable)
MR     .....                    (boots unavailable)
Stlth  +++.......               (no amulet)
                                (no ring)
                                (no ring)

@: quick
A: no armour, no weapons or thrown items, stealth, claws 1, fangs 3, see
invisible, carnivore 3, speed 1, shaggy fur 2, slow metabolism 1, sharp paws
a: Berserk, Trog's Hand, Burn Spellbooks, Renounce Religion


You were on level 5 of the Dungeon.
You worshipped Trog.
Trog was pleased with you.
You were not hungry.

You visited 1 branch of the dungeon, and saw 5 of its levels.

You collected 191 gold pieces.

Inventory:

Jewellery
 o - an uncursed amulet of harm {unknown}
 p - an uncursed ring of stealth {unknown}
 r - a +2 ring of strength {unknown}
Scrolls
 b - 6 scrolls of teleportation {unknown}
 c - 2 scrolls of enchant weapon {unknown}
 d - 8 scrolls of identify {unknown}
 g - 2 scrolls of amnesia {unknown}
 h - a scroll of remove curse {unknown}
 i - a scroll of random uselessness {unknown}
 j - 2 scrolls of magic mapping {unknown}
 k - 3 scrolls of recharging {unknown}
 q - a scroll of immolation {unknown}
Potions
 e - a potion of berserk rage {unknown}
 f - 3 potions of heal wounds {unknown}
 m - 2 potions of beneficial mutation {unknown}
 n - a potion of haste {unknown}
Comestibles
 a - 3 meat rations


   Skills:
 - Level 3.0 Fighting
 * Level 6.7 Dodging
 + Level 4.8 Stealth
 + Level 5.7 Unarmed Combat


You had 4 spell levels left.
You didn't know any spells.

Dungeon Overview and Level Annotations

Branches:
Dungeon (5/15)             Temple (0/1) D:4

Altars:
Fedhas
The Shining One


Innate Abilities, Weirdness & Mutations

You cannot wear armour.
You are incapable of wielding weapons or throwing items.
Your paws allow you to move quietly. (Stealth)
You have sharp claws.
You have razor-sharp teeth.
You have supernaturally acute eyesight. (SInv)
You are carnivorous and can eat meat at any time.
You cover ground quickly.
You are covered in thick fur. (AC +2)
You have a slow metabolism.
Your sharp claws are effective at attacking unaware monsters.


Message History

You see here a spear.
You open the door.
There is an open door here.
You open the door.
There is an open door here.
Found a chain mail.
Found a stone staircase leading up.
You open the door.
There is an open door here.
Key pressed, stopping explore.
An ogre comes into view. It is wielding a giant spiked club.
The helpless ogre fails to defend itself.
You mangle the ogre!! You bite the ogre.
The ogre is almost dead.
The ogre hits you with a giant spiked club!!
Ouch! That really hurt!
You die...
You are now level 5!
You rejoin the land of the living...
Are you sure you want to abandon this character and quit the game? (Confirm with "yes".)

.....<..#'#.#######
########..........#
.....).'..........#
########..........#
#..........#
#..........#
#..........#
#..........#
#........@.#
#..........##.#
######..........##.#
........#'#.....##.#
.######.#.#.###.##.#
#......#.#.# #[##.#
#.######.#.# #.##.#
#.#<# #.##.#
#.#####.##.#


There were no monsters in sight!

Vanquished Creatures
  A phantom (D:4)
  An ogre (D:4)
  A howler monkey (D:4)
  A hound (D:4)
  An orc wizard (D:3)
  Natasha (twice) (D:2)
  3 gnolls (D:3)
  6 adders
  A shadow imp (D:5)
  An ooze (D:3)
  An adder zombie (D:4)
  3 worms
  2 dart slugs
  5 orcs (D:3)
  A ball python (D:2)
  4 giant cockroaches
  4 goblins
  3 hobgoblins
  3 quokkas
  6 bats
  13 frilled lizards
  4 kobolds
  A rat (D:1)
68 creatures vanquished.

Notes
Turn   | Place    | Note
-------+----------+-------------------------------------------
     0 | D:1      | BugsBunnySan the Felid Berserker began the quest for the Orb.
     0 | D:1      | Reached XP level 1. HP: 10/10 MP: 2/2
   132 | D:1      | Reached XP level 2. HP: 14/14 MP: 3/3
   920 | D:2      | Reached XP level 3. HP: 17/17 MP: 4/4
  1007 | D:2      | Noticed Natasha
  1011 | D:2      | Killed Natasha
  1011 | D:2      | Reached skill level 5 in Dodging
  1339 | D:2      | Found a glowing golden altar of the Shining One.
  1432 | D:2      | Noticed Natasha
  1440 | D:2      | Killed Natasha
  1440 | D:2      | Reached ** piety under Trog
  1440 | D:2      | Reached skill level 1 in Stealth
  1440 | D:2      | Reached XP level 4. HP: 21/21 MP: 5/5
  1859 | D:3      | Found a blossoming altar of Fedhas.
  1868 | D:3      | Reached XP level 5. HP: 24/24 MP: 6/6
  1870 | D:3      | Reached skill level 6 in Dodging
  2767 | D:3      | Found a blossoming altar of Fedhas.
  2963 | D:4      | Noticed an ogre
  2968 | D:4      | Found a staircase to the Ecumenical Temple.
  2971 | D:4      | Killed an ogre
  2971 | D:4      | Reached skill level 5 in Unarmed Combat
  2971 | D:4      | Gained mutation: You are covered in thick fur. (AC +2) [Felid growth]
  2971 | D:4      | Reached XP level 6. HP: 28/28 MP: 7/7
  3917 | D:5      | Entered Level 5 of the Dungeon
  4019 | D:5      | Mangled by an ogre
  4020 | D:5      | Reached XP level 5. HP: -6/24 MP: 6/6
  4020 | D:5      | Quit the game

Skill      XL: |  1  2  3  4  5  6 |
---------------+-------------------+-----
Dodging        | 5 6 |  6.7
Stealth        | 1 3 4 |  4.8
Unarmed Combat | 4 5 |  5.7
Fighting       | |  3.0

Action                   |  1- 3 |  4- 6 || total
-------------------------+-------+-------++-------
Melee: Unarmed           |    55 |   136 ||   191
       Bite              |     4 |    12 ||    16
       Punch             |     2 |     2 ||     4
Invok: Berserk           |     3 |     1 ||     4
       Trog's Hand       |       |     1 ||     1
 Stab: Sleeping          |     3 |    14 ||    17
       Distracted        |       |     2 ||     2
  Eat: Chunk             |    10 |     7 ||    17
Armor: Skin              |     1 |     4 ||     5
Dodge: Dodged            |    38 |    81 ||   119
